 Dungeon Crawl Stone Soup version 0.29-a0-241-g20d21d4356 (webtiles) character file.

Game seed: 9972608836083576880

116 Morbidden the Magician (level 5, -1/37 HPs)
             Began as a Djinni Fire Elementalist on Mar 4, 2022.
             Slain by a scorpion (8 damage)
             ... on level 4 of the Dungeon.
             The game lasted 00:03:34 (4163 turns).

Morbidden the Magician (Djinni Fire Elementalist)   Turns: 4163, Time: 00:03:36

Health: -1/37      AC:  3    Str:  9    XL:     5   Next: 21%
Gold:   164        EV: 12    Int: 17    God:
                   SH:  0    Dex: 13

rFire   + + .      SeeInvis .   q - +0 long sword (venom)
rCold   x . .      Faith    .   (no shield)
rNeg    . . .      Spirit   .   a - +0 robe
rPois   ∞          Reflect  .   (no helmet)
rElec   .          Harm     .   (no cloak)
rCorr   .          Rampage  .   b - +0 pair of gloves
Will    .....                   (boots unavailable)
Stlth   ++........              (no amulet)
HPRegen 0.12/turn               (no ring)
MPRegen 0.00/turn               (no ring)

@: flying
A: sickness immunity, fire resistance 2, cold vulnerability 1, float, innate
caster, HP casting, extra vitality 1
a: no special abilities


You were on level 4 of the Dungeon.
You visited 1 branch of the dungeon, and saw 4 of its levels.

You collected 164 gold pieces.

Inventory:

Hand Weapons
 q - a +0 long sword of venom (weapon)
Missiles
 g - 24 poisoned darts
Armour
 a - a +0 robe (worn)
 b - a +0 pair of gloves (worn)
Scrolls
 c - 4 scrolls of identify {unknown}
 e - 3 scrolls of teleportation {unknown}
 f - 2 scrolls of fog {unknown}
 h - a scroll of silence {unknown}
 l - a scroll of enchant weapon {unknown}
 m - a scroll of noise {unknown}
 o - a scroll of immolation {unknown}
 p - 3 scrolls of vulnerability {unknown}
Potions
 d - 2 potions of degeneration {unknown}
 i - a potion of berserk rage {unknown}
 j - a potion of attraction {unknown}
 k - 3 potions of invisibility {unknown}
 n - 2 potions of curing {unknown}
 r - a potion of lignification {unknown}


   Skills:
 * Level 1.4 Fighting
 * Level 0.3 Long Blades
 + Level 2.3 Dodging
 + Level 1.9 Stealth
 * Level 3.8 Spellcasting


You couldn't memorise any spells.
You knew the following spells:

 Your Spells              Type           Power      Damage    Failure   Level
a - Foxfire               Conj/Fire      64%        2x1d7     3%          1
b - Scorch                Fire           32%        2d6       4%          2
c - Conjure Flame         Conj/Fire      16%        6-21      10%         3
d - Inner Flame           Hex/Fire       16%        N/A       10%         3
e - Passwall              Tmut/Erth      13%        N/A       4%          2
f - Freeze                Ice            64%        1d8       3%          1
z - Flame Wave            Conj/Fire      16%        2d6       32%         4
Your spell library was empty.

Dungeon Overview and Level Annotations

Branches:
Dungeon (4/15)
 Temple: D:4-7

Altars:
Gozag
Trog


Innate Abilities, Weirdness & Mutations

You are immune to sickness and miasma.
You are immune to poison.
Your flesh is very heat resistant. (rF++)
You are vulnerable to cold. (rC-)
You float through the air rather than walking.
You learn spells naturally, not from books.
Your magical power is your life essence.
You have superior vitality. (+4 MHP)


Message History

The hound is severely wounded.
You kill the hound!
You have reached level 5!
The power to cast Passwall wells up from within.
Spell assigned to 'e'.
You hit the hobgoblin.
The hobgoblin is poisoned.
The hobgoblin is severely wounded.
The hobgoblin misses you. The hobgoblin hits you.
Unknown command.
You kill the hobgoblin!
Casting: Foxfire (safe; 3% risk of failure)
Confirm with . or Enter, or press ? or * to list all spells.
You conjure some foxfire!
Casting: Foxfire (safe; 3% risk of failure)
Confirm with . or Enter, or press ? or * to list all spells.
Flames lash the scorpion.
The scorpion is lightly wounded.
The scorpion's fire resistance burns away.
The foxfire hits the scorpion.
The scorpion is lightly wounded.
The foxfire hits the scorpion.
The scorpion is lightly wounded.
The scorpion stings you. The scorpion stings you!
Unknown command.
Unknown command.
Casting: Scorch (safe; 4% risk of failure)
Confirm with . or Enter, or press ? or * to list all spells.
Flames lash the scorpion.
The scorpion is burned terribly!
The scorpion is severely wounded.
You hear an angry hiss.
The scorpion stings you!
* * * LOW HITPOINT WARNING * * *
Unknown command.
Casting: Scorch (safe; 4% risk of failure)
Confirm with . or Enter, or press ? or * to list all spells.
You conjure some foxfire!
* * * LOW HITPOINT WARNING * * *
A ball python comes into view.
The scorpion stings you!
You die...

##..#....<...........
....###....#....#........#
....#.....##.####.......#.
#.......###..# #.........
#.......# #......#...$...
##.......# ##.#.#.#.......
#........# #..###.#†...#
#...###.######.###.#....#
. . #......v@##.......#
#......v.s†S.#.......
#........###.#.g....#
......................#
........................
.................#.......
...........#.....###.....
...#......##...... .....
..... ........ ..


You could see a scorpion (combustible, ally target) and a ball python.

Vanquished Creatures
  A hound (D:4)
  An adder (D:3)
  A worm (D:2)
  2 dart slugs
  6 ball pythons
  7 bats (D:2)
  7 endoplasms
  2 giant cockroaches (D:2)
  A goblin (D:2)
  8 hobgoblins
  8 jackals
  A kobold (D:3)
  4 quokkas
  7 frilled lizards
  9 rats
65 creatures vanquished.

Vanquished Creatures (others)
  290 foxfires
290 creatures vanquished.

Grand Total: 355 creatures vanquished

Notes
Turn   | Place    | Note
-------+----------+-------------------------------------------
     0 | D:1      | Morbidden the Djinni Fire Elementalist began the quest for
                  | the Orb.
     0 | D:1      | Reached XP level 1. HP: 15/15 MP: 0/0
   538 | D:1      | Reached XP level 2. HP: 16/21 MP: 0/0
  1022 | D:1      | Reached skill level 3 in Spellcasting
  1087 | D:1      | You are sucked into a shaft and drop 1 floor!
  1399 | D:2      | Found an opulent altar of Gozag.
  1407 | D:2      | Reached XP level 3. HP: 25/26 MP: 0/0
  1407 | D:2      | Learned a level 1 spell: Freeze
  1646 | D:2      | Found a faded altar of an unknown god.
  2808 | D:2      | Reached XP level 4. HP: 25/31 MP: 0/0
  2827 | D:2      | Reached skill level 1 in Fighting
  3139 | D:3      | Found a bloodstained altar of Trog.
  4148 | D:4      | Noticed a scorpion
  4158 | D:4      | Reached XP level 5. HP: 34/37 MP: 0/0
  4158 | D:4      | Learned a level 2 spell: Passwall
  4163 | D:4      | Slain by a scorpion

Illustrated notes

Levels and vault maps discovered:
D:1:      dpeg_arrival_stone_temple_mockup, layout_basic, hex_large
D:2:      layout_rooms, basic_altar, shapermc_ecumenical_altar_mp_urbaneastern,
          minmay_misc_feat_more_columns, grunt_ministairs_9,
          grunt_decor_resistance, minmay_misc_feat_iff, chequers_mini_garden,
          minmay_joined_circles
D:3:      layout_rooms, mainiacjoe_overflow_small_starburst,
          kennysheep_generic_room_14
D:4:      layout_cave_pools, cheibrodos_gnoll_hut

Skill      XL: |  1  2  3  4 |
---------------+-------------+-----
Spellcasting   | 3 |  3.8
Fighting       | 1 |  1.4
Long Blades    | |  0.3
Dodging        | |  2.3
Stealth        | |  1.9

Action                   |  1- 3 |  4- 6 || total
-------------------------+-------+-------++-------
Melee: Long sword        |       |     9 ||     9
       Unarmed           |       |     1 ||     1
 Cast: Foxfire           |   126 |    55 ||   181
       Scorch            |     3 |     4 ||     7
 Stab: Sleeping          |       |     1 ||     1
Armor: Robe              |     1 |    11 ||    12
Dodge: Dodged            |     6 |    28 ||    34

Table legend: (Time is in decaauts)
 A = Elapsed time spent in this place.
 B = Non-inter-level travel time spent in this place.
 C = Inter-level travel time spent in this place.
 D = Time resting spent in this place.
 E = Time spent auto-exploring this place.
 F = Levels seen in this place.
 G = Mean time per level.
                   A        B        C        D        E       F      G
               +--------+--------+--------+--------+--------+-----+--------+
         Total |   4166 |   4101 |     65 |    632 |   3023 |   4 | 1041.5 |
       Dungeon |   4166 |   4101 |     65 |    632 |   3023 |   4 | 1041.5 |
               +--------+--------+--------+--------+--------+-----+--------+

Top non-repeatable levels by time:
     D:2: 1630 daAuts
     D:1: 1456 daAuts
     D:3: 1031 daAuts
     D:4: 48 daAuts
